 Dungeon Crawl Stone Soup version 0.23.2-40-g277498a001 (webtiles) character file.

Game seed: 2723652248429501359

47 Iskender the Sneak (level 3, 17/17 HPs)
             Began as a Felid Chaos Knight on Oct 4, 2019.
             Was a Plaything of Xom.
             Quit the game on level 4 of the Dungeon.
             The game lasted 00:16:28 (3286 turns).

Iskender the Sneak (Felid Chaos Knight)             Turns: 3286, Time: 00:16:28

Health: 17/17      AC:  1    Str:  8    XL:     3   Next: 48%
Magic:  4/4        EV: 18    Int: 16    God:    Xom [..*...]
Gold:   143        SH:  0    Dex: 15    Spells: 2/2 levels left
                                        Lives:  0   Deaths: 1

rFire    . . .     SeeInvis +     - Unarmed
rCold    . . .     Gourm    .   (shield unavailable)
rNeg     . . .     Faith    .   (armour unavailable)
rPois    +         Spirit   .   (helmet unavailable)
rElec    .         Reflect  .   (cloak unavailable)
rCorr    .         Harm     .   (gloves unavailable)
MR       .....                  (boots unavailable)
Stlth    ++++......             (no amulet)
HPRegen  0.05/turn              (no ring)
MPRegen  0.09/turn              (no ring)

@: quick
A: very small, no armour, no weapons or thrown items, stealth, claws 1, fangs 3,
see invisible, carnivore, clever 1, speed 1, poison resistance, shaggy fur 1,
slow metabolism 1, sharp paws
a: Renounce Religion


You were on level 4 of the Dungeon.
You worshipped Xom.
You were a toy of Xom.
You were not hungry.

You visited 1 branch of the dungeon, and saw 5 of its levels.

You collected 143 gold pieces.

Inventory:

Jewellery
 b - an uncursed amulet of harm
 l - a +6 ring of evasion {unknown}
Wands
 m - a wand of random effects (16)
Scrolls
 c - a scroll of teleportation
 d - a scroll of remove curse {unknown}
 e - a scroll of identify {unknown}
 f - a scroll of immolation
 g - a scroll of fear {unknown}
 h - a scroll of enchant armour {unknown}
 i - a scroll of noise {unknown}
 j - 2 scrolls of blinking
Potions
 k - a potion of curing {unknown}
Comestibles
 a - 7 rations
 n - 2 chunks of flesh


   Skills:
 - Level 3.0 Fighting
 - Level 3.2 Dodging
 + Level 6.1 Stealth
 - Level 3.0 Unarmed Combat


You had 2 spell levels left.
You didn't know any spells.
Your spell library was empty.

Dungeon Overview and Level Annotations

Branches:
Dungeon (5/15)
 Temple: D:4-7

Altars:
Hepliaklqana
Nemelex Xobeh

Annotations:
D:2 Natasha, Terence
D:3 Ijyb, Sigmund
D:4 exclusion: ogre


Innate Abilities, Weirdness & Mutations

You cannot wear armour.
You are incapable of wielding weapons or throwing items.
Your paws allow you to move quietly. (Stealth)
You have sharp claws.
You have razor-sharp teeth.
You have supernaturally acute eyesight. (SInv)
You are carnivorous and can eat meat at any time.
You cover ground quickly.
You are covered in fur. (AC +1)
You have a slow metabolism.
Your sharp claws are effective at attacking unaware monsters.
Your mind is acute. (Int +2)
Your system is resistant to poisons. (rPois)


Message History

You butcher the giant cockroach corpse.
You see here 2 chunks of flesh.
n - 2 chunks of flesh You scratch the jelly.
Your paws burn!
You bite the jelly, but do no damage.
The jelly is lightly wounded.
The jelly closely misses you.
You scratch the jelly but do no damage.
Your paws burn!
You bite the jelly.
The jelly is heavily wounded.
The jelly barely misses you.
You scratch the jelly.
Your paws burn!
The jelly is severely wounded.
You scratch the jelly.
Your paws burn!
The jelly is severely wounded.
The jelly hits you.
You are splashed with acid!
You die...
Xom chuckles heartily!
You are now level 3!
Xom thinks this is hilarious!
You rejoin the land of the living...
Are you sure you want to abandon this character and quit the game? (Confirm with "yes".)

.....).........#..........#..##..
..#...........###.#######.......#
....#####.##.## #.# ### #....##.#
..#######.#.## #.#######..### <.
.............####.'.._..'..# ##
..#######.#.#.##..###.###.##
..####......#..#..# #.# #.#######
..............#..(###'###........
.......[...##...@.........####...
..####.###.##.#...##.#..### .##
#.# #.##.#...##....#
.#####.###.##.##.#####..#
............#.##.# #..#
######.###.>#(##.# #..# # #.#
#..#.##.# #..######.
######[###..#.##.# #.........
##..........#.##.## ##..#..#


There were no monsters in sight!

Vanquished Creatures
  A gnoll (D:2)
  4 adders
  2 oozes
  An adder skeleton (D:4)
  2 dart slugs
  4 giant cockroaches
  4 goblins
  4 hobgoblins
  7 kobolds
  9 bats
  2 frilled lizards (D:1)
  2 rats (D:1)
42 creatures vanquished.

Notes
Turn   | Place    | Note
-------+----------+-------------------------------------------
     0 | D:1      | Iskender the Felid Chaos Knight began the quest for the
                  | Orb.
     0 | D:1      | Reached XP level 1. HP: 10/10 MP: 2/2
    90 | D:1      | Reached skill level 1 in Stealth
   133 | D:1      | Reached skill level 2 in Stealth
   155 | D:1      | XOM: harmless Conj miscast
   180 | D:1      | XOM: potion effect (brilliance)
   205 | D:1      | Reached XP level 2. HP: 9/14 MP: 3/3
   310 | D:1      | Reached skill level 3 in Stealth
   434 | D:1      | XOM: divination: detect creatures
   686 | D:1      | XOM: harmless Ice miscast
   764 | D:1      | Reached skill level 4 in Stealth
   792 | D:1      | Reached XP level 3. HP: 15/17 MP: 4/4
  1097 | D:1      | XOM: harmless Necr miscast
  1164 | D:2      | Gained mutation: Your mind is acute. (Int +2) [potion of
                  | mutation]
  1164 | D:2      | Gained mutation: Your system is resistant to poisons.
                  | (rPois) [potion of mutation]
  1172 | D:2      | XOM: potion effect (berserk rage)
  1646 | D:2      | Reached skill level 5 in Stealth
  1793 | D:1      | XOM: divination: detect creatures
  2145 | D:2      | Noticed Terence
  2168 | D:2      | XOM: smoke on damage
  2170 | D:2      | XOM: potion effect (curing)
  2280 | D:2      | XOM: harmless Summ miscast
  2473 | D:3      | XOM: harmless Necr miscast
  2478 | D:3      | XOM: silly message
  2502 | D:3      | Noticed Sigmund
  2592 | D:3      | Noticed Ijyb
  2625 | D:2      | Reached XP level 4. HP: 10/21 MP: 5/5
  2822 | D:2      | Noticed Natasha
  2891 | D:3      | XOM: potion effect (invisibility)
  2894 | D:3      | You fall through a shaft for 2 floors!
  2894 | D:5      | Entered Level 5 of the Dungeon
  2910 | D:5      | XOM: harmless Hex miscast
  3045 | D:4      | Found a hazy altar of Hepliaklqana.
  3068 | D:4      | Found a sparkling altar of Nemelex Xobeh.
  3160 | D:4      | Reached skill level 6 in Stealth
  3175 | D:4      | Noticed an ogre
  3181 | D:3      | Noticed a sky beast
  3285 | D:4      | Splashed by a jelly's acid
  3286 | D:4      | Reached XP level 3. HP: -2/17 MP: 4/4
  3286 | D:4      | Quit the game

Skill      XL: |  1  2  3  4 |
---------------+-------------+-----
Stealth        | 2 4 5 6 |  6.1
Fighting       | |  3.0
Dodging        | |  3.2
Unarmed Combat | |  3.0

Action                   |  1- 3 |  4- 6 || total
-------------------------+-------+-------++-------
Melee: Unarmed           |   136 |    12 ||   148
       Bite              |     9 |     3 ||    12
       Punch             |       |     1 ||     1
  Use: Potion            |     3 |       ||     3
       Scroll            |     2 |     2 ||     4
 Stab: Sleeping          |    13 |     3 ||    16
  Eat: Chunk             |    10 |     1 ||    11
Armor: Skin              |    16 |     1 ||    17
Dodge: Dodged            |   105 |     9 ||   114
